 Dungeon Crawl Stone Soup version 0.29.1-15-g9cfb28693d (webtiles) character file.

Game seed: 190406415842005360

17566 BeingJoeMalik the Impaler (level 12, -5/90 HPs)
             Began as a Merfolk Gladiator on Mar 27, 2023.
             Was a High Priest of Hepliaklqana.
             Killed by divine providence
             ... invoked by an orc priest
              (15 damage)
             ... on level 2 of the Orcish Mines.
             The game lasted 00:39:23 (12578 turns).

BeingJoeMalik the Impaler (Merfolk Gladiator)      Turns: 12578, Time: 00:39:24

Health: -5/90      AC: 15    Str: 17    XL:     12   Next: 49%
Magic:  12/12      EV: 12    Int: 11    God:    Hepliaklqana [*****.]
Gold:   2013       SH:  5    Dex: 23    Spells: 11/11 levels left

rFire   + . .      SeeInvis .   H - +1 halberd (venom)
rCold   . . .      Faith    .   (shield currently unavailable)
rNeg    + . .      Spirit   .   v - +2 chain mail {rF+}
rPois   .          Reflect  +   D - +2 helmet {Int+3}
rElec   .          Harm     .   (no cloak)
rCorr   .          Rampage  .   T - +0 pair of gloves
Will    .....                   (no boots)
Stlth   +.........              G - amulet of reflection
HPRegen 0.25/turn               m - +6 ring of dexterity
MPRegen 0.13/turn               u - ring of positive energy

@: no status effects
A: reduced essence, (nimble swimmer 2), mertail
a: Renounce Religion, Recall Ancestor, Ancestor Identity, Transference, Idealise


You were on level 2 of the Orcish Mines.
You worshipped Hepliaklqana.
Hepliaklqana was extremely pleased with you.
You visited 3 branches of the dungeon, and saw 12 of its levels.
You also visited: Volcano.

You collected 2013 gold pieces.

Inventory:

Hand Weapons
 g - a +0 glaive of flaming
 H - a +1 halberd of venom (weapon)
 I - a +4 trident of protection
 Q - a +0 vampiric halberd
 R - a +3 halberd
Missiles
 d - 2 throwing nets
 e - a javelin
 j - 29 poisoned darts (quivered)
 N - 3 curare-tipped darts
Armour
 a - a +0 leather armour of fire resistance
 b - a +0 leather armour
 v - a +2 chain mail of fire resistance (worn)
 w - a +0 troll leather armour
 D - a +2 helmet of intelligence (worn)
 L - +1 steam dragon scales
 T - a +0 pair of gloves (worn)
Jewellery
 m - a +6 ring of dexterity (left hand)
 u - a ring of positive energy (right hand)
 G - an amulet of reflection (around neck)
 S - a ring of willpower
Wands
 q - a wand of flame (12)
 x - a wand of paralysis (8)
 z - a wand of iceblast (3)
 C - a wand of digging (1)
 K - a wand of light (9)
Scrolls
 h - 4 scrolls of teleportation
 l - a scroll of enchant armour
 n - 3 scrolls of poison
 s - 4 scrolls of enchant weapon
 y - a scroll of summoning
 F - 2 scrolls of noise
 M - a scroll of silence
Potions
 c - 5 potions of mutation
 f - 4 potions of attraction
 i - a potion of cancellation {unknown}
 k - 6 potions of brilliance
 o - 3 potions of haste {unknown}
 p - a potion of degeneration {unknown}
 r - a potion of flight {unknown}
 t - a potion of curing
 A - a potion of invisibility
 B - 2 potions of might
 O - 2 potions of magic {unknown}
 P - 2 potions of ambrosia {unknown}


   Skills:
 + Level 11.7 Fighting
 + Level 17.6 Polearms
 - Level 2.0 Throwing
 + Level 4.2 Armour
 + Level 9.1 Dodging
 - Level 8.0 Stealth


You had 11 spell levels left.
You didn't know any spells.
Your spell library contained the following spells:

 Spells                   Type           Power      Damage    Failure   Level
 Magic Dart               Conj           0%         1d3       99%         1
 Shock                    Conj/Air       0%         1d3       99%         1
 Call Imp                 Summ           0%         N/A       100%        2
 Static Discharge         Conj/Air       0%         3-3/arc   100%        2
 Mephitic Cloud           Conj/Pois/Air  0%         N/A       100%        3
 Swiftness                Air            0%         N/A       100%        3
 Airstrike                Air            0%         2d(0-16)  100%        4
 Lightning Bolt           Conj/Air       0%         1d11      100%        5
 Maxwell's Capacitive Co  Air            0%         ∞         100%        8


Dungeon Overview and Level Annotations

Branches:
Dungeon (9/15)             Temple (1/1) D:4             Orc (2/2) D:9
Volcano (visited)
   Lair: D:8-11         Elf: Orc:2

Altars:
Ashenzari
Cheibriados
Dithmenos
Elyvilon
Fedhas
Gozag
Hepliaklqana
Kikubaaqudgha
Makhleb
Nemelex Xobeh
Okawaru
Qazlal
Ru
Sif Muna
Trog
Uskayaw
Vehumet
Xom
Yredelemnul
Zin
The Shining One

Annotations:
D:7 2 transporters


Innate Abilities, Weirdness & Mutations

Your life essence is reduced to manifest your ancestor. (-10% HP)
((You are very nimble when in or above water. (Stealth+, EV+, Speed+++)))
Your lower body shifts to a powerful aquatic tail in water.


Message History

Tlaloc barely misses the warg.
The orc priest begins to cast a cantrip, but forgets the words!
You block the warg's attack.
The orc warrior shoots a bolt.
The bolt barely misses Tlaloc.
The bolt hits you!!
* * * LOW HITPOINT WARNING * * *
Tlaloc hits the warg with a +0 dagger of draining.
Okay, then.
Unknown command.
Unknown command.
Unknown command.
The warg attacks as you move away! The warg closely misses you.
Tlaloc casts a spell at the warg.
The warg appears confused.
Tlaloc hits the warg with a +0 dagger of draining.
The orc warrior hits Tlaloc with a +0 halberd!
Tlaloc hits the warg with a +0 dagger of draining.
Tlaloc drains the warg.
The warg dies!
Tlaloc hits the orc warrior but does no damage.
Tlaloc drains the orc warrior.
The orc warrior misses Tlaloc.
The orc warrior shoots a bolt.
You reflect the bolt off an invisible shield around you!
The bolt closely misses the orc warrior.
Tlaloc hits the orc warrior with a +0 dagger of draining.
Tlaloc casts a spell at the orc warrior.
The orc warrior appears confused.
The orc warrior closely misses Tlaloc.
The orc warrior shoots a bolt.
The bolt hits Tlaloc!
Tlaloc hits the orc warrior but does no damage.
Tlaloc barely misses the orc warrior.
Tlaloc hits the orc warrior with a +0 dagger of draining.
Tlaloc drains the orc warrior.
The orc warrior barely misses Tlaloc.
Tlaloc hits the orc warrior but does no damage.
Tlaloc drains the orc warrior.
Something hits Tlaloc!
The orc priest mumbles some strange prayers to Beogh against you.
Beogh smites you!
* * * LOW HITPOINT WARNING * * *
The orc priest calls down the wrath of Beogh upon you.
Beogh smites you!
You die...

.....# ##...#.###.......
.##.## #..R#### #.##..
###.## ##...# ## #....#
##..## .....## ##
##o..### ..#...#
##.##...##.## ...#.##
#.......#...# ..##.##
#...........## ###...#
####.#..@......# #
##..###.####..<.......
###....#.<.##...........
.##...R#....#)<.).....##
..#....R#..)[..(......#
.##....##.#...........#
###.........))........#
##........#...........#
..#.#.................


You could see the friendly Tlaloc the hexer and an orc priest.

Vanquished Creatures
  An ettin (Orc:1)
  A boulder beetle (D:9)
  An ogre mage (Volcano)
  7 two-headed ogres
  A hell knight (Volcano)
  Maurice (D:8)
  The ghost of Calibrex the Skirmisher, a novice KoHu (D:5)
  Sigmund (D:3)
  9 yaks
  A wyvern (D:9)
  A steam dragon (D:9)
  3 water moccasins
  3 orc warriors
  4 ice beasts
  The ghost of Vizrt the Shield-Bearer, an amateur GnFi (D:3)
  2 black bears
  2 centaurs (D:9)
  2 ogres
  A phantom (D:5)
  A kobold brigand (D:9)
  5 scorpions
  3 gnoll sergeants
  4 bullfrogs
  Dowan (D:4)
  5 killer bees (D:8)
  A crimson imp (Orc:1)
  2 hounds
  2 jellies
  9 orc priests
  2 gnoll boudas
  A human skeleton (D:6)
  2 iguanas
  10 orc wizards
  A hexer (D:6)
  22 gnolls
  9 adders
  A shadow imp (Orc:1)
  3 white imps
  An ufetubus (D:6)
  4 worms
  4 dart slugs
  45 orcs
  6 ball pythons
  11 endoplasms
  2 giant cockroaches
  12 goblins
  7 hobgoblins
  7 jackals
  6 quokkas
  3 bats
  5 frilled lizards
  A goblin skeleton (D:6)
  15 kobolds
  8 rats
264 creatures vanquished.

Vanquished Creatures (collateral kills)
  Erica (D:8)
  A deep elf pyromancer (Orc:1)
  A troll (Orc:2)
  A hornet (D:7)
  6 yaks
  A human (D:6)
  A steam dragon (D:8)
  2 wargs
  Duvessa (D:4)
  A swamp drake (Orc:1)
  4 orc warriors
  2 centaurs
  2 ogres
  A kobold brigand (D:8)
  A gnoll sergeant (D:6)
  2 bullfrogs
  A killer bee (D:8)
  A jelly (D:3)
  An orc priest (Orc:1)
  2 hounds
  An iguana (D:4)
  5 orc wizards
  Robin (D:3)
  7 gnolls (D:6)
  2 adders
  2 ufetubi
  2 worms
  A dart slug (D:4)
  10 orcs
  An endoplasm (D:2)
  3 goblins (D:3)
  2 hobgoblins (D:3)
  2 kobolds
  A ball python (D:3)
  A rat (D:3)
74 creatures vanquished.

Vanquished Creatures (others)
  A deep elf zephyrmancer (Orc:1)
  An iron imp (Orc:1)
  4 hexers
  An orc wizard (Orc:1)
  An ancestor (D:2)
  An orc (Orc:1)
  5 plants
14 creatures vanquished.

Grand Total: 352 creatures vanquished

Notes
Turn   | Place    | Note
-------+----------+-------------------------------------------
     0 | D:1      | BeingJoeMalik the Merfolk Gladiator began the quest for the
                  | Orb.
     0 | D:1      | Reached XP level 1. HP: 16/16 MP: 1/1
    94 | D:1      | Reached XP level 2. HP: 17/22 MP: 2/2
   213 | D:1      | Reached skill level 5 in Polearms
   633 | D:1      | Reached XP level 3. HP: 24/25 MP: 3/3
   831 | D:2      | Found a faded altar of an unknown god.
   839 | D:2      | Prayed at the altar of an unknown god.
   839 | D:2      | Became a worshipper of Hepliaklqana the Forgotten
   839 | D:2      | Reached * piety under Hepliaklqana
   855 | D:2      | Reached skill level 6 in Polearms
   894 | D:2      | Reached XP level 4. HP: 25/29 MP: 4/4
  1132 | D:2      | Reached skill level 7 in Polearms
  1361 | D:2      | Reached XP level 5. HP: 34/34 MP: 5/5
  1387 | D:2      | Reached skill level 8 in Polearms
  1659 | D:3      | Noticed Robin
  1709 | D:3      | Noticed Sigmund
  1821 | D:3      | Killed Sigmund
  1822 | D:3      | Reached skill level 9 in Polearms
  1822 | D:3      | Reached XP level 6. HP: 39/39 MP: 6/6
  2119 | D:3      | You fall into a shaft and drop 3 floors!
  2150 | D:5      | Entered Level 5 of the Dungeon
  2164 | D:6      | Reached skill level 10 in Polearms
  2338 | D:5      | Reached XP level 7. HP: 45/45 MP: 7/7
  2359 | D:4      | Reached ** piety under Hepliaklqana
  2360 | D:4      | Remembered your ancestor Tlaloc as a hexer
  2395 | D:4      | Found a hazy altar of Hepliaklqana.
  2458 | D:4      | Noticed Dowan
  2459 | D:4      | Noticed Duvessa
  2475 | D:4      | Killed Duvessa
  2476 | D:4      | Reached skill level 11 in Polearms
  2485 | D:4      | Killed Dowan
  2940 | D:3      | Noticed Vizrt's ghost (amateur GnFi)
  2943 | D:3      | Found a transporter.
  2989 | D:3      | Found a transporter.
  3118 | D:3      | Killed Robin
  3162 | D:3      | Found a glowing silver altar of Zin.
  3601 | D:4      | Found a staircase to the Ecumenical Temple.
  3614 | Temple   | Entered the Ecumenical Temple
  3903 | D:4      | Found an opulent altar of Gozag.
  4156 | D:5      | Reached skill level 12 in Polearms
  4156 | D:5      | Reached XP level 8. HP: 50/50 MP: 8/8
  4197 | D:5      | Noticed a yak
  4199 | D:5      | Noticed a yak
  4199 | D:5      | Noticed a yak
  4200 | D:5      | Noticed a yak
  4222 | D:5      | Killed a yak
  4241 | D:5      | Killed a yak
  4242 | D:5      | Reached skill level 13 in Polearms
  4311 | D:5      | Noticed a yak
  4430 | D:5      | Reached *** piety under Hepliaklqana
  4487 | D:5      | Found a runed translucent gate.
  4487 | D:5      | Found a runed translucent gate.
  4487 | D:5      | Found a runed translucent gate.
  4488 | D:5      | Noticed Calibrex's ghost (novice KoHu)
  4519 | D:5      | Noticed a yak
  4539 | D:5      | Killed a yak
  4548 | D:5      | Killed a yak
  4549 | D:5      | Reached skill level 14 in Polearms
  4559 | D:5      | Killed a yak
  4560 | D:5      | Reached XP level 9. HP: 16/54 MP: 7/9
  4562 | D:5      | Reached skill level 15 in Polearms
  4829 | D:5      | Reached skill level 1 in Stealth
  4845 | D:5      | Reached skill level 1 in Armour
  5591 | D:6      | Reached skill level 5 in Stealth
  5867 | D:6      | Found a runed translucent door.
  6155 | D:6      | Found a basalt altar of Yredelemnul.
  6178 | D:6      | Reached XP level 10. HP: 50/63 MP: 10/10
  6555 | D:6      | Found a snail-covered altar of Cheibriados.
  6713 | D:7      | Found a stormy altar of Qazlal.
  7072 | D:7      | Reached skill level 5 in Dodging
  7142 | D:7      | Found a transporter.
  7221 | D:7      | Found a shimmering blue altar of Sif Muna.
  7393 | D:7      | Reached **** piety under Hepliaklqana
  7461 | D:7      | Found a transporter.
  7599 | D:3      | Killed Vizrt's ghost
  7600 | D:3      | Reached skill level 5 in Fighting
  7754 | D:5      | Killed Calibrex's ghost
  8293 | D:8      | Noticed Maurice
  8311 | D:8      | Killed Maurice
  8473 | D:8      | Identified the +3 whip of Nice Valour {freeze, Stlth+}
  8505 | D:8      | Noticed Erica
  8517 | D:8      | Killed Erica
  8518 | D:8      | Reached XP level 11. HP: 64/77 MP: 11/11
  8942 | D:9      | Noticed a two-headed ogre
  8955 | D:9      | Killed a two-headed ogre
  9370 | D:9      | Found a white marble altar of Elyvilon.
  9539 | D:9      | Found a staircase to the Orcish Mines.
  9720 | D:9      | Noticed a boulder beetle
  9739 | D:9      | Killed a boulder beetle
  9740 | D:9      | Reached skill level 16 in Polearms
 10207 | D:9      | Identified a scroll of acquirement
 10207 | D:9      | Acquired 827 gold pieces
 10485 | Orc:1    | Entered Level 1 of the Orcish Mines
 10843 | Orc:1    | Noticed an ettin
 10891 | Orc:1    | Killed an ettin
 10902 | Orc:1    | Reached skill level 10 in Fighting
 11163 | Orc:1    | Noticed a deep elf zephyrmancer
 11163 | Orc:1    | Noticed a deep elf pyromancer
 11176 | Orc:1    | Killed a deep elf pyromancer
 11182 | Orc:1    | Killed a deep elf zephyrmancer
 11422 | Orc:2    | Entered Level 2 of the Orcish Mines
 11452 | Orc:2    | Reached ***** piety under Hepliaklqana
 11564 | Orc:2    | Found a dark tunnel.
 11569 | Volcano  | Entered a volcano
 11585 | Volcano  | Noticed an ogre mage
 11588 | Volcano  | Found a radiant altar of Vehumet.
 11589 | Volcano  | Noticed a hell knight
 11594 | Volcano  | Killed an ogre mage
 11595 | Volcano  | Reached XP level 12. HP: 88/88 MP: 12/12
 11596 | Volcano  | Noticed a two-headed ogre
 11600 | Volcano  | Killed a two-headed ogre
 11601 | Volcano  | Noticed a two-headed ogre
 11721 | Volcano  | Noticed a two-headed ogre
 11755 | Volcano  | Killed a two-headed ogre
 11834 | Volcano  | Noticed a two-headed ogre
 11834 | Volcano  | HP: 4/89 [hell knight/+0 glaive of flaming (2)]
 11838 | Volcano  | HP: 1/89 [hell knight/bolt of fire (32)]
 11841 | Volcano  | Noticed a two-headed ogre
 11843 | Volcano  | Killed a hell knight
 11844 | Volcano  | Reached skill level 17 in Polearms
 11848 | Volcano  | Killed a two-headed ogre
 11883 | Volcano  | HP: 3/90 [two-headed ogre/+2 great mace of flaming (4)]
 11909 | Volcano  | Killed a two-headed ogre
 12082 | Volcano  | Killed a two-headed ogre
 12215 | Volcano  | Noticed a two-headed ogre
 12226 | Volcano  | Killed a two-headed ogre
 12578 | Orc:2    | Killed from afar by an orc priest

Illustrated notes

Levels and vault maps discovered:
D:1:      evilmike_arrival_crescent, layout_basic
D:2:      layout_loops_ring, ebering_ecumenical_altar_mist, serial_bayou_pond_b
D:3:      layout_basic, zin_academy, gammafunk_ghost_arena, minmay_starry_boxes,
          uniq_sigmund, uniq_robin
D:4:      layout_basic, nicolae_gozag_cash_rules_everything_around_me,
          mainiacjoe_overflow_small_starburst, minmay_temple_entry_grid,
          uniq_duvessa
D:5:      minmay_spotlight, layout_loops_ring, ebering_ghost_rock_garden,
          serial_bayou_lake_a
D:6:      layout_gridville, dk_yredelemnul_ordeal, slow_altar_2,
          minmay_misc_feat_encased, kennysheep_generic_room_15
D:7:      gammafunk_cloud_chamber, layout_loops_ring,
          nicolae_overflow_hidden_temple, general_overflow_altar, dk_vineyard_3
D:8:      layout_rooms, uniq_maurice, uniq_erica
D:9:      layout_irregular_city, nicolae_elyvilon_peaceful_grove, orc_0_dummy
Temple:   hellmonk_temple_forest_ring
Orc:1:    layout_caves, hangedman_minor_magic
Orc:2:    st_orc_town, layout_caves, enter_volcano_1, minmay_orc_treasury

Skill      XL: |  1  2  3  4  5  6  7  8  9 10 11 12 |
---------------+-------------------------------------+-----
Polearms       | 5 6 7 9 10 12 14 15 16 17 | 17.6
Stealth        | 6 8 |  8.0
Armour         | 2 3 4 |  4.2
Fighting       | 3 7 10 11 | 11.7
Dodging        | 6 8 9 |  9.1
Throwing       | |  2.0

Action                   |  1- 3 |  4- 6 |  7- 9 | 10-12 || total
-------------------------+-------+-------+-------+-------++-------
Melee: Trident           |    64 |       |    90 |   421 ||   575
       Spear             |    28 |   138 |   213 |       ||   379
       Punch             |       |     1 |     4 |    10 ||    15
       Tailslap          |       |       |    17 |       ||    17
       Halberd           |       |       |    24 |    74 ||    98
Throw: Throwing net      |     1 |       |       |       ||     1
       Dart              |       |       |     3 |    40 ||    43
Invok: Recall Ancestor   |       |     2 |     6 |     1 ||     9
       Ancestor Life: He |       |       |     1 |       ||     1
  Use: Potion            |     1 |       |       |    10 ||    11
       Scroll            |       |       |    12 |    12 ||    24
 Stab: Sleeping          |     4 |     1 |    10 |     9 ||    24
       Distracted        |     1 |       |     2 |     8 ||    11
       Confused          |       |       |    20 |    20 ||    40
       Invisible         |       |       |       |     2 ||     2
Armor: Leather armour    |    17 |    16 |    21 |    31 ||    85
       Steam dragon scal |       |       |       |    23 ||    23
       Chain mail        |       |       |       |     3 ||     3
Dodge: Dodged            |    46 |    45 |    54 |   192 ||   337
Block: Other             |       |       |       |    16 ||    16
       Reflection        |       |       |       |     2 ||     2
